AoeStats
← kolemy

Arabia

503170084Analyzed
3v3 RM · 1mo ago on Aug 30, 2026· 94m 12s· 6 players
Game mode
Random Map
Map size
Normal (6 player)
Population
200
Speed
Normal
Resources
Standard
Victory
Conquest
Starting age
Dark Age
Ending age
Imperial Age
RankedLock teamsTeams togetherTeam positionsShared explorationLock speedFull tech treeHidden civsTurbo modeCheats
Victory
Defeat
🇦🇹 Bohemians · Austria
647
+12
🇬🇹 Vietnamese · Guatemala
574
+16
🇨🇭 Vietnamese · Switzerland
392
+23
🇷🇴 Khmer · Romania
583
-18
🇫🇷 Khmer · France
570
-18
🇬🇧 Franks · United Kingdom
552
-17
plume300
3:03 Loom
12:01 Feudal Age
12:59 Horse Collar
13:09 Double-Bit Axe
14:56 Gold Mining
14:57 Stone Mining
18:21 Wheelbarrow
22:22 Bloodlines
25:00 Castle Age
27:15 Heavy Plow
27:53 Husbandry
28:55 Bow Saw
29:26 Gold Shaft Mining
31:30 Forging
31:31 Scale Barding Armor
34:01 Iron Casting
36:51 Imperial Age
36:09 Stone Shaft Mining
36:58 Chain Barding Armor
37:29 Caravan
38:21 Crop Rotation
38:18 Conscription
39:29 Double Crossbow
40:55 Blast Furnace
40:41 Hand Cart
41:45 Tusk Swords
42:53 Fortified Wall
42:48 Elite Ballista Elephant
44:59 Plate Barding Armor
44:23 Heated Shot
44:55 Ballistics
46:40 Chemistry
50:20 Hoardings
72:39 Devotion
e_baer1812
12:07 Feudal Age
16:18 Man-at-Arms
18:29 Double-Bit Axe
21:31 Wheelbarrow
20:43 Loom
27:20 Castle Age
26:02 Gold Mining
29:47 Scale Barding Armor
34:01 Hand Cart
37:00 Bow Saw
37:45 Elite Skirmisher
39:01 Chain Barding Armor
42:18 Gold Shaft Mining
42:11 Husbandry
42:17 Padded Archer Armor
42:22 Fletching
44:53 Long Swordsman
45:42 Squires
48:21 Imperial Age
48:40 Cavalier
49:11 Capped Ram
61:51 Pikeman
62:56 Halberdier
vladimirrr7
2:19 Loom
13:23 Feudal Age
25:01 Castle Age
29:47 Forging
29:37 Scale Mail Armor
29:31 Elite Skirmisher
40:47 Crossbowman
53:35 Imperial Age
50:54 Town Watch
60:46 Onager
63:23 Iron Casting
62:39 Fletching
62:50 Scale Mail Armor
62:51 Padded Archer Armor
62:57 Scale Barding Armor
72:00 Blast Furnace
71:15 Chain Mail Armor
71:20 Chain Barding Armor
70:55 Bodkin Arrow
71:16 Leather Archer Armor
71:10 Siphons
73:41 Tusk Swords
82:45 Elite Battle Elephant
83:40 Sappers
Max PaUra
0:36 Loom
13:58 Feudal Age
15:02 Town Watch
18:21 Horse Collar
19:39 Man-at-Arms
20:05 Arson
22:49 Wheelbarrow
22:31 Forging
24:09 Double-Bit Axe
24:53 Fletching
25:05 Padded Archer Armor
25:07 Scale Mail Armor
26:20 Scale Barding Armor
31:48 Castle Age
30:05 Stone Mining
32:06 Bloodlines
33:15 Crossbowman
34:02 Thumb Ring
34:30 Heavy Plow
34:53 Bow Saw
34:44 Bodkin Arrow
35:52 Hand Cart
35:04 Long Swordsman
36:21 Pikeman
37:02 Squires
37:40 Fortified Wall
38:06 Husbandry
42:01 Gold Mining
42:17 Town Patrol
43:25 Chatras
45:53 Stone Shaft Mining
45:45 Ballistics
45:07 Treadmill Crane
45:24 Murder Holes
48:49 Imperial Age
47:05 Guard Tower
51:10 Chemistry
50:15 Bracer
50:32 Leather Archer Armor
50:53 Iron Casting
50:41 Chain Barding Armor
52:28 Crop Rotation
52:36 Elite Battle Elephant
55:15 Elite Skirmisher
57:23 Illumination
57:41 Imperial Skirmisher
60:40 Arrowslits
66:08 Ring Archer Armor
65:43 Halberdier
70:58 Onager
74:59 Theocracy
74:41 Block Printing
75:43 Paper Money
88:39 Hoardings
creutzfeld_jakob
10:27 Loom
13:18 Feudal Age
14:01 Horse Collar
14:10 Double-Bit Axe
16:00 Arson
22:20 Castle Age
24:08 Squires
23:28 Pikeman
23:55 Elite Skirmisher
25:12 Caravan
31:21 Bow Saw
34:42 Forging
34:33 Padded Archer Armor
34:34 Scale Mail Armor
34:24 Fletching
36:44 Iron Casting
36:25 Leather Archer Armor
36:46 Ballistics
37:26 Chemistry
36:39 Fortified Wall
39:20 Imperial Age
38:50 Masonry
40:34 Wheelbarrow
39:45 Town Watch
40:14 Fervor
39:50 Halberdier
39:54 Imperial Skirmisher
42:42 Blast Furnace
43:36 Two-Man Saw
43:20 Hand Cart
46:26 Conscription
48:04 Bodkin Arrow
48:40 Ring Archer Armor
48:25 Chain Mail Armor
51:36 Houfnice
71:09 Heavy Plow
73:15 Sanctity
73:28 Illumination
73:23 Block Printing
kolemy
0:43 Loom
13:12 Feudal Age
14:49 Double-Bit Axe
14:46 Horse Collar
15:48 Wheelbarrow
21:41 Gold Mining
22:12 Man-at-Arms
24:50 Fletching
25:52 Town Watch
28:08 Castle Age
26:43 Stone Mining
29:06 Scale Mail Armor
29:35 Bow Saw
29:01 Crossbowman
30:28 Heavy Plow
30:45 Caravan
35:57 Hand Cart
35:42 Town Patrol
38:47 Imperial Age
39:14 Ballistics
39:05 Fortified Wall
40:56 Paper Money
40:37 Chatras
40:21 Treadmill Crane
41:45 Chemistry
41:34 Murder Holes
44:20 Two-Man Saw
43:57 Crop Rotation
43:28 Bodkin Arrow
44:35 Stone Shaft Mining
43:56 Pikeman
44:36 Squires
44:22 Arson
47:25 Siege Engineers
47:26 Arbalester
48:12 Thumb Ring
47:32 Light Cavalry
48:23 Bloodlines
47:35 Elite Battle Elephant
48:15 Husbandry
48:21 Bracer
48:57 Herbal Medicine
52:17 Bombard Tower
51:48 Guard Tower
54:54 Halberdier
54:55 Long Swordsman
54:59 Elite Skirmisher
68:23 Imperial Skirmisher
70:26 Onager
77:56 Arrowslits
78:47 Keep
78:21 Padded Archer Armor
78:36 Chain Mail Armor
78:27 Scale Barding Armor
78:33 Forging
86:30 Cavalier
Connection lost

Rejoining the realm…

Still unreachable

The connection could not be restored.

Session expired

The server has moved on; the page needs a fresh start.